 Dungeon Crawl Stone Soup version 0.29.0-7-g18a832c13a (webtiles) character file.

Game seed: 15595208519825662798

71 Iusername the Conjurer (level 4, 0/31 HPs)
             Began as a Human Conjurer on Aug 30, 2022.
             Slain by an ufetubus (2 damage)
             ... summoned by a ynoxinul
             ... on level 1 of the Abyss.
             The game lasted 00:07:37 (4911 turns).

Iusername the Conjurer (Human Conjurer)             Turns: 4911, Time: 00:07:37

Health: 0/31       AC:  2    Str:  9    XL:     4   Next: 47%
Magic:  7/7        EV: 12    Int: 19    God:
Gold:   41         SH:  0    Dex: 11    Spells: 6/7 levels left

rFire   . . .      SeeInvis .   f - +0 spear
rCold   . . .      Faith    .   (no shield)
rNeg    . . .      Spirit   .   a - +0 robe
rPois   .          Reflect  .   (no helmet)
rElec   .          Harm     .   (no cloak)
rCorr   .          Rampage  .   (no gloves)
Will    .....                   (no boots)
Stlth   ++........              (no amulet)
HPRegen 0.10/turn               (no ring)
MPRegen 0.10/turn               (no ring)

@: no status effects
A: no striking features
a: no special abilities


You were on level 1 of the Abyss.
You visited 1 branch of the dungeon, and saw 2 of its levels.
You visited the Abyss 1 time.

You collected 41 gold pieces.

Inventory:

Hand Weapons
 f - a +0 spear (weapon)
Armour
 a - a +0 robe (worn)
Scrolls
 c - a scroll of teleportation
 d - a scroll of magic mapping {unknown}
 g - a scroll of immolation {unknown}
Potions
 b - a potion of magic
 e - 2 potions of mutation {unknown}
 h - a potion of curing {unknown}


   Skills:
 + Level 0.7 Fighting
 + Level 1.0 Polearms
 + Level 2.2 Dodging
 + Level 2.3 Stealth
 + Level 0.1 Unarmed Combat
 + Level 2.3 Spellcasting
 + Level 4.8 Conjurations


You had 6 spell levels left.
You knew the following spells:

 Your Spells              Type           Power      Damage    Failure   Level
a - Magic Dart            Conj           80%        1d7       2%          1

Your spell library contained the following spells:

 Spells                   Type           Power      Damage    Failure   Level
 Searing Ray              Conj           40%        2d5       3%          2
 Dazzling Flash           Conj/Hex       22%        N/A       19%         3
 Fulminant Prism          Conj/Hex       5%         3d7       52%         4
 Iskenderun's Mystic Bla  Conj/Tloc      11%        2d4       52%         4


Dungeon Overview and Level Annotations

Branches:
Dungeon (2/15)

Altars:


Message History

The gnoll shouts! x2; You hear a shout!
The magic dart hits the gnoll.
The gnoll is heavily wounded.
The gnoll hits you from afar with a +0 halberd!
The magic dart hits the gnoll.
The gnoll is heavily wounded.
A gnoll comes into view. It is wielding a +0 halberd.
The magic dart hits the gnoll.
The gnoll is moderately wounded.
The magic dart hits the gnoll but does no damage.
The gnoll is moderately wounded.
The gnoll throws a throwing net.
The throwing net misses you.
The magic dart hits the gnoll.
The gnoll is severely wounded.
The gnoll hits you from afar with a +1 spear of distortion.
You are cast into the Abyss!
This branch contains the abyssal rune of Zot.
Found a corrupted altar of Lugonu.
You start resting.
Magic restored.
You start resting.
You start resting.
A thrashing horror comes into view.
A thrashing horror is nearby!
A thrashing horror is nearby!
A thrashing horror is nearby!
A ynoxinul comes into view.
There is an empty arch of ancient stone here.
The ynoxinul bellows!
The ynoxinul gestures.
The thrashing horror tramples you!
* * * LOW HITPOINT WARNING * * *
You hold your ground!
The thrashing horror tramples you!
* * * LOW HITPOINT WARNING * * *
You stumble backwards!
The thrashing horror roars!
The thrashing horror barely misses you.
The thrashing horror closely misses you.
The ufetubus hits you.
You die...

. ### . . .# . #
# .. .#.. .###
#.. ###3.. #...#
... #3###.... #.
##._.#..#
.###..###.5##...#
#........∩..@.# #
.###.###...#.X.#
###...#...# #
....##.## . .
##..#.#... .. .
#....# ... .# . .
#.#.#. .#. . .
#...#.# .#


You could see a thrashing horror, a ynoxinul and an ufetubus (summoned).

Vanquished Creatures
  2 worms (D:2)
  2 dart slugs (D:1)
  5 ball pythons
  4 bats
  8 endoplasms
  2 giant cockroaches (D:2)
  4 hobgoblins
  6 jackals
  6 kobolds
  3 quokkas
  6 goblins
  4 rats (D:1)
52 creatures vanquished.

Notes
Turn   | Place    | Note
-------+----------+-------------------------------------------
     0 | D:1      | Iusername the Human Conjurer began the quest for the Orb.
     0 | D:1      | Reached XP level 1. HP: 13/13 MP: 3/3
   166 | D:1      | Reached XP level 2. HP: 19/19 MP: 0/5
  1237 | D:1      | Reached XP level 3. HP: 5/24 MP: 4/6
  2013 | D:1      | Found a faded altar of an unknown god.
  3249 | D:2      | Reached XP level 4. HP: 20/31 MP: 1/7
  4546 | D:2      | Reached skill level 1 in Polearms
  4815 | Abyss:1  | Cast into level 1 of the Abyss (gnoll)
  4816 | Abyss:1  | Found a corrupted altar of Lugonu.
  4906 | Abyss:1  | Noticed a thrashing horror
  4907 | Abyss:1  | Noticed a ynoxinul
  4911 | Abyss:1  | Slain by an ufetubus

Illustrated notes

Levels and vault maps discovered:
D:1:      heliophobic_arrival_dark_side_of_the_moon, layout_basic,
          dilly_ecumenical_altar_fadedgnrine
D:2:      layout_loops_cross
Abyss:1:  base:
D:2

Skill      XL: |  1  2  3  4 |
---------------+-------------+-----
Polearms       | 1 |  1.0
Fighting       | |  0.7
Dodging        | |  2.2
Stealth        | |  2.3
Unarmed Combat | |  0.1
Spellcasting   | |  2.3
Conjurations   | |  4.8

Action                   |  1- 3 |  4- 6 || total
-------------------------+-------+-------++-------
Melee: Spear             |    55 |     8 ||    63
       Unarmed           |     5 |       ||     5
       Punch             |       |     1 ||     1
 Cast: Magic Dart        |    59 |    39 ||    98
  Use: Scroll            |       |     1 ||     1
Armor: Robe              |    14 |       ||    14
       Chain mail        |    13 |       ||    13
Dodge: Dodged            |    56 |     6 ||    62
